 Dungeon Crawl Stone Soup version 0.31-a0-354-g827e0957a7 (webtiles) character file.

Game seed: 3690975895053899413

0 cforsyth the Charlatan (level 1, -1/17 HPs)
             Began as a Gnoll Artificer on July 23, 2023.
             Slain by a hobgoblin (2 damage)
             ... on level 1 of the Dungeon.
             The game lasted 00:00:25 (125 turns).

cforsyth the Charlatan (Gnoll Artificer)             Turns: 125, Time: 00:00:26

Health: -1/17      AC:  3    Str: 11    XL:     1   Next: 10%
Magic:  1/1        EV: 12    Int: 10    God:
Gold:   0          SH:  0    Dex: 12    Spells: 0/0 levels left

rFire   . . .        a - +0 club
rCold   . . .        (no shield)
rNeg    . . .        b - +0 leather armour
rPois   .            (no helmet)
rElec   .            (no cloak)
rCorr   .            (no gloves)
SInv    .            (no boots)
Will    .....        (no amulet)
Stlth   ++           (no ring)
HPRegen 0.22/turn    (no ring)
MPRegen 0.07/turn

%: no passive effects
@: no status effects
A: fangs 1, strong nose, distributed training
a: no special abilities


You were on level 1 of the Dungeon.
You visited 1 branch of the dungeon, and saw 1 of its levels.

Inventory:

Hand Weapons
 a - a +0 club (weapon)
Armour
 b - a +0 leather armour (worn)
Wands
 c - a wand of flame (15) (quivered)
 d - a wand of charming (15)
 e - a wand of iceblast (5)


   Skills:
 + Level 2.3 Fighting
 + Level 0.0 Short Blades
 + Level 0.0 Long Blades
 + Level 0.0 Axes
 + Level 0.0 Maces & Flails
 + Level 0.0 Polearms
 + Level 0.0 Staves
 + Level 0.0 Ranged Weapons
 + Level 0.0 Throwing
 + Level 4.4 Armour
 + Level 2.3 Dodging
 + Level 2.1 Stealth
 + Level 0.0 Shields
 + Level 0.0 Unarmed Combat
 + Level 0.0 Spellcasting
 + Level 0.0 Conjurations
 + Level 0.0 Hexes
 + Level 0.0 Summonings
 + Level 0.0 Necromancy
 + Level 0.0 Translocations
 + Level 0.0 Transmutations
 + Level 0.0 Fire Magic
 + Level 0.0 Ice Magic
 + Level 0.0 Air Magic
 + Level 0.0 Earth Magic
 + Level 0.0 Poison Magic
 + Level 0.0 Invocations
 + Level 6.4 Evocations
 + Level 0.0 Shapeshifting


You couldn't memorise any spells.
You didn't know any spells.
Your spell library was empty.

Dungeon Overview and Level Annotations

Branches:
Dungeon (1/15)

Altars:


Innate Abilities, Weirdness & Mutations

You have very sharp teeth.
Your uncanny sense of smell can sniff out nearby items.
Your experience applies equally to all skills.


Message History

A ball python is nearby!
A dart slug comes into view.
A hobgoblin comes into view.
The dart slug launches a dart at you. The slug dart hits you.
You closely miss the ball python. The ball python barely misses you.
The ball python grabs you. The ball python constricts you.
The ball python bites you. The ball python constricts you.
You hit the ball python but do no damage.
The ball python bites you. The ball python constricts you.
The ball python barely misses you. The ball python constricts you.
You barely miss the ball python. Your bite misses the ball python.
The ball python bites you but does no damage.
The ball python constricts you.
You closely miss the ball python.
You bite the ball python, but do no damage.
The ball python bites you. The ball python constricts you.
The hobgoblin closely misses you. The ball python misses you.
The ball python constricts you. The hobgoblin closely misses you.
You hit the ball python.
You kill the ball python!
The hobgoblin barely misses you.
You hit the dart slug. You bite the dart slug.
The dart slug is heavily wounded.
The hobgoblin barely misses you. The dart slug barely misses you.
You hit the hobgoblin.
The hobgoblin is heavily wounded.
The hobgoblin hits you. The dart slug launches a dart at you.
The slug dart hits you.
* * * LOW HITPOINT WARNING * * *
You are too injured to fight recklessly!
Hit: a) +0 club
Press: ? - help, Dir - move target, f - hobgoblin
Aim: a hobgoblin (heavily wounded, about 41% to evade your +0 club)
You hit the hobgoblin.
The hobgoblin is severely wounded.
The hobgoblin hits you.
* * * LOW HITPOINT WARNING * * *
The dart slug barely misses you. The hobgoblin hits you.
You die...

#..⌠..~~~'.⌠.'.<.#
#..⌠..≈~≈'.⌠.'...#
#....~≈≈≈#...#...#
#...~≈≈#+###.#####
#...~≈≈'...'...... ##
#...~≈≈'>..##'###' ##..
#...~≈≈#+#'#≈≈≈≈≈≈ .....
#...~≈≈≈≈≈≈≈≈≈≈≈≈≈
......#@..≈≈≈≈≈≈≈≈≈≈≈≈≈≈
#.wg..~≈~~~~~~~~~~~≈
........................
......##................
...... #################
...... ..... ..... ....


You could see a dart slug and a hobgoblin.

Vanquished Creatures
  A ball python (D:1)
1 creature vanquished.

Notes
Turn   | Place    | Note
-------+----------+-------------------------------------------
     0 | D:1      | cforsyth the Gnoll Artificer began the quest for the Orb.
     0 | D:1      | Reached XP level 1. HP: 17/17 MP: 1/1
   125 | D:1      | Slain by a hobgoblin

Illustrated notes

Levels and vault maps discovered:
D:1:      dpeg_arrival_castle, layout_basic, ebering_ecumenical_altar_box

Action                     || total
---------------------------++-------
  Melee: Club              ||     8
         Bite              ||     2
 Armour: Leather armour    ||     1
  Dodge: Dodged            ||     9

Table legend: (Time is in decaauts)
 A = Elapsed time spent in this place.
 B = Non-inter-level travel time spent in this place.
 C = Inter-level travel time spent in this place.
 D = Time resting spent in this place.
 E = Time spent auto-exploring this place.
 F = Levels seen in this place.
 G = Mean time per level.
                   A        B        C        D        E       F      G
               +--------+--------+--------+--------+--------+-----+--------+
         Total |    128 |    128 |      0 |      0 |     88 |   1 |  128.0 |
       Dungeon |    128 |    128 |      0 |      0 |     88 |   1 |  128.0 |
               +--------+--------+--------+--------+--------+-----+--------+

Top non-repeatable levels by time:
     D:1: 128 daAuts
